 Dungeon Crawl Stone Soup version 0.29.1-2-gbd0b4ee654 (webtiles) character file.

Game seed: 18334683784407577887

56 Raikaria the Shooter (level 4, -8/33 HPs)
             Began as a Djinni Hunter on Nov 10, 2022.
             Killed from afar by Robin (18 damage)
             ... with a bolt of light
             ... on level 2 of the Dungeon.
             The game lasted 00:02:20 (1201 turns).

Raikaria the Shooter (Djinni Hunter)                Turns: 1201, Time: 00:02:21

Health: -8/33      AC:  3    Str: 10    XL:     4   Next: 15%
Gold:   110        EV: 12    Int: 10    God:
                   SH:  0    Dex: 19

rFire   + + .      SeeInvis .   a - +0 shortbow
rCold   x . .      Faith    .   (shield currently unavailable)
rNeg    . . .      Spirit   .   c - +0 leather armour
rPois   ∞          Reflect  .   (no helmet)
rElec   .          Harm     .   (no cloak)
rCorr   .          Rampage  .   (no gloves)
Will    .....                   (boots unavailable)
Stlth   +.........              (no amulet)
HPRegen 0.11/turn               (no ring)
MPRegen 0.00/turn               (no ring)

@: confused, flying
A: sickness immunity, fire resistance 2, cold vulnerability 1, float, innate
caster, HP casting, extra vitality 1
a: no special abilities


You were on level 2 of the Dungeon.
You visited 1 branch of the dungeon, and saw 2 of its levels.

You collected 110 gold pieces.

Inventory:

Hand Weapons
 a - a +0 shortbow (weapon)
Armour
 c - a +0 leather armour (worn)
Scrolls
 b - a scroll of immolation
 d - a scroll of fear {unknown}
 e - a scroll of magic mapping {unknown}
Potions
 f - 2 potions of heal wounds {unknown}
 g - a potion of curing {unknown}
 h - a potion of lignification {unknown}
 i - a potion of might {unknown}


   Skills:
 - Level 2.0 Fighting
 + Level 4.5 Ranged Weapons
 - Level 2.1 Dodging
 - Level 0.7 Stealth


You had 2 spell levels left.
You knew the following spells:

 Your Spells              Type           Power      Damage    Failure   Level
a - Shock                 Conj/Air       0%         1d3       45%         1
Your spell library was empty.

Dungeon Overview and Level Annotations

Branches:
Dungeon (2/15)

Altars:

Annotations:
D:2 Robin


Innate Abilities, Weirdness & Mutations

You are immune to sickness and miasma.
You are immune to poison.
Your flesh is very heat resistant. (rF++)
You are vulnerable to cold. (rC-)
You float through the air rather than walking.
You learn spells naturally, not from books.
Your magical power is your life essence.
You have superior vitality. (+4 MHP)


Message History

The sling bullet hits you but does no damage.
You hear a shout!
You shoot an arrow. The arrow barely misses the goblin.
The goblin shoots a sling bullet.
The sling bullet hits you.
You hear a shout!
You shoot an arrow. The arrow hits the goblin!
You kill the goblin!
You shoot an arrow. The arrow completely misses the goblin.
The goblin barely misses you.
Robin roars a battlecry!
The goblin goes into a battle-frenzy!
You shoot an arrow. The arrow hits the goblin!
You kill the goblin!
Robin says, "Kneel, worm!"
Robin roars a battlecry!
You shoot an arrow. The arrow completely misses Robin.
You shoot an arrow. The arrow hits Robin!
Robin is heavily wounded.
You shoot an arrow.
The arrow hits Robin but does no damage.
Robin is heavily wounded.
Robin zaps a wand.
The bolt of light hits you!
You are confused.
You are too injured to fight recklessly!
You are too injured to fight recklessly!
You are too injured to fight recklessly!
You are too injured to fight recklessly!
Non-targeted confused fire: a) +0 shortbow
Press: ? - help, Q - select action, (/) - cycle Dir - look around, f - activate You shoot an arrow.
Non-targeted confused fire: a) +0 shortbow
Press: ? - help, Q - select action, (/) - cycle Dir - look around, f - activate Look: Robin, wielding a +0 club, wearing a +0 animal skin, wearing a +0 helmet and carrying a wand of light (4) (heavily wounded)
You shoot an arrow.
The hobgoblin no longer looks unusually strong.
Robin points. "Kill!"
A goblin comes into view. It is wielding a +0 dagger.
Robin zaps a wand.
The bolt of light hits you!!
Ouch! That really hurt!
You die... g

#........# . #........#
.############## #..=.....#
†#............# #........#
..............# #........#
#.<.....g....# #........#
#.g..###....## #........###
.#....###.##..######........#
......)...gg...g@...........#
.#....#...#########.........#
......#..## ##........#
......#..# ########........#
#...#..#.####...............#
## .#.....#...######........#
#..........### ##........#
###.......## #.........#
#........## ##..)......#


You could see Robin, a hobgoblin and 2 goblins.

Vanquished Creatures
  An adder (D:2)
  2 dart slugs (D:1)
  3 ball pythons (D:1)
  3 endoplasms
  2 giant cockroaches (D:1)
  4 goblins
  4 hobgoblins
  4 jackals (D:1)
  A quokka (D:1)
  9 bats
  3 frilled lizards (D:1)
  2 kobolds (D:1)
  3 rats
41 creatures vanquished.

Notes
Turn   | Place    | Note
-------+----------+-------------------------------------------
     0 | D:1      | Raikaria the Djinni Hunter began the quest for the Orb.
     0 | D:1      | Reached XP level 1. HP: 18/18 MP: 0/0
   171 | D:1      | Reached XP level 2. HP: 23/23 MP: 0/0
   479 | D:1      | Reached XP level 3. HP: 28/28 MP: 0/0
   479 | D:1      | Learned a level 1 spell: Shock
   487 | D:1      | Reached skill level 4 in Ranged Weapons
   857 | D:2      | Noticed Robin
  1119 | D:2      | Reached XP level 4. HP: 31/33 MP: 0/0
  1201 | D:2      | Killed from afar by Robin

Illustrated notes

Levels and vault maps discovered:
D:1:      sevenhm_arrival_forest_fort_large_2, layout_rooms,
          roderic_roman_lattice, minmay_misc_feat_hallway, nicolae_eternal_life
D:2:      layout_rooms, basic_altar, uniq_sigmund, uniq_robin

Skill      XL: |  1  2  3 |
---------------+----------+-----
Ranged Weapons | 4 |  4.5
Fighting       | |  2.0
Dodging        | |  2.1
Stealth        | |  0.7

Action                   |  1- 3 |  4- 6 || total
-------------------------+-------+-------++-------
 Fire: Shortbow          |    76 |    26 ||   102
Armor: Leather armour    |    11 |     7 ||    18
Dodge: Dodged            |    43 |    10 ||    53
